 Dungeon Crawl Stone Soup version 0.16-a0-282-ga87e286 (webtiles) character file.

56 Ratboiler the Twirler (level 3, 0/18 HPs)
             Began as a Vine Stalker Gladiator on Aug 27, 2014.
             Slain by SkaryMonk's ghost (4 damage)
             ... on Level 3 of the Dungeon.
             The game lasted 00:03:59 (1075 turns).

Ratboiler the Twirler (Vine Stalker Gladiator)      Turns: 1075, Time: 00:03:59

HP   0/18        AC  7     Str 17      XL: 3   Next: 97%
MP   0/4         EV 10     Int  9      God:
Gold 62          SH  0     Dex 15      Spells:  0 memorised,  2 levels left

rFire  . . .     SeeInvis .     a - +0 quarterstaff
rCold  . . .     Clarity  .     j - +0 ring mail (curse)
rNeg   . . .     rCorr    .     (no shield)
rPois  .         rRot     +     c - +0 helmet
rElec  .         Spirit   +     (no cloak)
SustAb .         Warding  .     h - +0 pair of gloves
rMut   .         Stasis   .     (no boots)
Gourm  .                        (no amulet)
MR     .....                    (no ring)
                                o - +1 ring of intelligence

@: not resistant to hostile enchantments, very unstealthy
A: fangs 2, regeneration 1, magic shield, antimagic bite, no device heal 3, rot
immunity
a: no special abilities


You were on level 3 of the Dungeon.
You were hungry.

You visited 1 branch of the dungeon, and saw 3 of its levels.

You collected 62 gold pieces.

Inventory:

Hand weapons
 a - a +0 quarterstaff (weapon)
Missiles
 d - 3 throwing nets (quivered)
 k - 18 poisoned needles
Armour
 b - a +0 leather armour
 c - a +0 helmet (worn)
 h - a +0 pair of gloves (worn)
 j - a cursed +0 ring mail (worn)
Comestibles
 f - 2 bread rations
Scrolls
 e - 4 scrolls of teleportation {unknown}
 g - 2 scrolls of blinking {unknown}
 l - a scroll of magic mapping {unknown}
 m - a scroll of immolation {unknown}
Jewellery
 o - a +1 ring of intelligence (left hand)
 q - an uncursed ring of positive energy {unknown}
Potions
 i - a potion of magic {unknown}
 n - a potion of cure mutation {unknown}
 p - a potion of heal wounds {unknown}


   Skills:
 + Level 2.2 Fighting
 * Level 3.4 Staves
 - Level 1.7 Throwing
 + Level 1.1 Armour
 + Level 2.6 Dodging


You had 2 spell levels left.
You didn't know any spells.

Dungeon Overview and Level Annotations

Branches:
Dungeon (3/15)

Altars:

Annotations:
D:3 SkaryMonk's ghost, average OpAE


Innate Abilities, Weirdness & Mutations

You have extremely sharp teeth.
Your natural rate of healing is unusually fast.
When hurt, damage is shared between your health and your magic reserves.
Your bite disrupts and absorbs the magic of your enemies.
Potions and wands cannot restore your health.
You are immune to rotting.


Message History

SkaryMonk's ghost is moderately damaged.
SkaryMonk's ghost barely misses you.
SkaryMonk's ghost casts a spell.
You are struck by lightning.
The lightning grounds out.
You closely miss SkaryMonk's ghost. You bite SkaryMonk's ghost.
SkaryMonk's ghost's magic leaks into the air.
You drain its magic.
You feel invigorated.
SkaryMonk's ghost is moderately damaged.
SkaryMonk's ghost casts a spell.
You are struck by lightning.
* * * LOW HITPOINT WARNING * * *
The lightning arcs!
SkaryMonk's ghost is struck by lightning.
The lightning arcs!
You are struck by lightning.
* * * LOW HITPOINT WARNING * * *
The lightning grounds out.
You hit SkaryMonk's ghost. Your bite misses SkaryMonk's ghost.
SkaryMonk's ghost is heavily damaged.
SkaryMonk's ghost hits you.
You die...

.. ##.# $... ...#
#..# #$.# ## #..#
..#..# #.#@.#
###.#W.#
#..>...##.####
###.#..%........
.......#.#.#.####
####.#.#.#.# #
#....>.....#
#.#.###.####
#.#.# #(#


You could see SkaryMonk's ghost.

Vanquished Creatures
  A gnoll (D:2)
  2 worms (D:2)
  A giant gecko (D:2)
  2 oozes (D:1)
  5 hobgoblins
  6 bats
  A giant newt (D:2)
  3 goblins
  5 kobolds
  A quokka (D:2)
  5 rats (D:2)
32 creatures vanquished.

Notes
Turn   | Place    | Note
--------------------------------------------------------------
     0 | D:1      | Ratboiler, the Vine Stalker Gladiator, began the quest for the Orb.
     0 | D:1      | Reached XP level 1. HP: 11/11 MP: 1/1
   133 | D:1      | Reached XP level 2. HP: 10/15 MP: 3/3
   216 | D:1      | Reached skill level 3 in Staves
   425 | D:1      | Reached skill level 1 in Armour
   667 | D:2      | Reached XP level 3. HP: 18/18 MP: 4/4
  1042 | D:3      | Noticed SkaryMonk's ghost (average OpAE)
  1075 | D:3      | Slain by SkaryMonk's ghost

Action                   || total
-------------------------++-------
Melee: Quarterstaff      ||   103
